 Dungeon Crawl Stone Soup version 0.30-a0-250-g41c1d76940 (webtiles) character file.

Game seed: 14825412972500064873

98 purpskrrrp the Shooter (level 4, -9/38 HPs)
             Began as a Minotaur Hunter on Oct 13, 2022.
             Mangled by an ogre
             ... wielding a +0 giant club
              (20 damage)
             ... on level 3 of the Dungeon.
             The game lasted 00:03:08 (1788 turns).

purpskrrrp the Shooter (Minotaur Hunter)            Turns: 1788, Time: 00:03:08

Health: -9/38      AC: 11    Str: 17    XL:     4   Next: 44%
Magic:  3/3        EV:  3    Int:  6    God:
Gold:   103        SH:  7    Dex: 14    Spells: 3/3 levels left

rFire   . . .      SeeInvis .    f - +3 whip
rCold   . . .      Faith    .    r - +0 kite shield
rNeg    . . .      Spirit   .    i - +0 plate armour
rPois   .          Reflect  .    (helmet restricted)
rElec   .          Harm     .    (no cloak)
rCorr   .          Rampage  .    (no gloves)
Will    .....                    l - +0 pair of boots
Stlth   ..........               h - amulet of regeneration
HPRegen 1.06/turn                (no ring)
MPRegen 0.08/turn                (no ring)

@: no status effects
A: horns 2, retaliatory headbutt
a: no special abilities


You were on level 3 of the Dungeon.
You visited 1 branch of the dungeon, and saw 3 of its levels.

You collected 103 gold pieces.

Inventory:

Hand Weapons
 a - a +0 shortbow
 f - a +3 whip (weapon)
Missiles
 s - 6 boomerangs (quivered)
Armour
 c - a +0 leather armour
 i - a +0 plate armour (worn)
 l - a +0 pair of boots (worn)
 r - a +0 kite shield (worn)
Jewellery
 h - an amulet of regeneration (around neck)
Scrolls
 b - a scroll of immolation
 d - a scroll of amnesia {unknown}
 e - a scroll of poison {unknown}
 g - 6 scrolls of identify {unknown}
 q - a scroll of butterflies {unknown}
Potions
 j - a potion of haste {unknown}
 k - a potion of ambrosia {unknown}
 m - a potion of attraction {unknown}
 n - a potion of brilliance {unknown}
 o - a potion of cancellation {unknown}
 p - a potion of might {unknown}


   Skills:
 + Level 3.4 Fighting
 * Level 2.2 Maces & Flails
 - Level 4.6 Ranged Weapons
 + Level 1.4 Armour
 + Level 3.0 Dodging
 - Level 1.3 Stealth


You had 3 spell levels left.
You didn't know any spells.
Your spell library contained the following spells:

 Spells                   Type           Power      Damage    Failure   Level
 Beastly Appendage        Tmut           0%         N/A       100%        1
 Kiss of Death            Conj/Necr      0%         2d5       100%        1
 Sublimation of Blood     Necr           0%         N/A       100%        2
 Wereblood                Tmut           0%         N/A       100%        2
 Confusing Touch          Hex            0%         N/A       100%        3
 Dazzling Flash           Conj/Hex       0%         N/A       100%        3
 Spider Form              Tmut/Pois      0%         N/A       100%        3
 Dispel Undead            Necr           0%         3d6       100%        4
 Iskenderun's Mystic Bla  Conj/Tloc      0%         2d3       100%        4
 Petrify                  Tmut/Erth      0%         N/A       100%        4
 Irradiate                Conj/Tmut      0%         3d11      100%        5
 Starburst                Conj/Fire      0%         6d3       100%        6


Dungeon Overview and Level Annotations

Branches:
Dungeon (3/15)

Altars:
Trog


Innate Abilities, Weirdness & Mutations

You have a pair of horns on your head.
You reflexively headbutt those who attack you in melee.


Message History

The ogre is heavily wounded.
The ogre hits you with a +0 giant club!!
* * * LOW HITPOINT WARNING * * *
You are too injured to fight recklessly!
You are too injured to fight recklessly!
You are too injured to fight recklessly!
You are too injured to fight recklessly!
You are too injured to fight recklessly!
You are too injured to fight recklessly!
You are too injured to fight recklessly!
You are too injured to fight recklessly!
You are too injured to fight recklessly!
You are too injured to fight recklessly!
You are too injured to fight recklessly!
You are too injured to fight recklessly!
You are too injured to fight recklessly!
You are too injured to fight recklessly!
You are too injured to fight recklessly!
You are too injured to fight recklessly!
You are too injured to fight recklessly!
You are too injured to fight recklessly!
You are too injured to fight recklessly!
You are too injured to fight recklessly!
You are too injured to fight recklessly!
You are too injured to fight recklessly!
You are too injured to fight recklessly!
You are too injured to fight recklessly!
You are too injured to fight recklessly!
You are too injured to fight recklessly!
You hit the ogre but do no damage. You headbutt the ogre.
The ogre is severely wounded.
You block the ogre's attack.
You hit the ogre.
The ogre is severely wounded.
You block the ogre's attack.
You hit the ogre.
The ogre is almost dead.
The ogre hits you with a +0 giant club!!
Ouch! That really hurt!
You die...

...#.....###..###[...
...##...................
...#..............# #..#
#................# #..
#.............#.####..
#.............#..##...
#........###..#......
####..O.....# #.........
......[@....# #.........
............# ####......
.....?......######......
##########..............
##########..... #.....
#..... ####.. ###


You could see an ogre.

Vanquished Creatures
  4 adders
  A worm (D:2)
  3 dart slugs
  An orc (D:3)
  5 endoplasms
  3 giant cockroaches (D:1)
  7 goblins
  3 hobgoblins (D:1)
  10 ball pythons
  4 bats
  2 frilled lizards
  4 kobolds
  4 rats (D:1)
51 creatures vanquished.

Notes
Turn   | Place    | Note
-------+----------+-------------------------------------------
     0 | D:1      | purpskrrrp the Minotaur Hunter began the quest for the Orb.
     0 | D:1      | Reached XP level 1. HP: 18/18 MP: 0/0
    98 | D:1      | Reached skill level 1 in Stealth
   131 | D:1      | Reached XP level 2. HP: 15/25 MP: 1/1
   609 | D:1      | Reached XP level 3. HP: 31/31 MP: 2/2
   958 | D:2      | Reached skill level 1 in Maces & Flails
   972 | D:2      | Reached skill level 1 in Armour
  1180 | D:2      | Reached XP level 4. HP: 38/38 MP: 3/3
  1253 | D:2      | Found a bloodstained altar of Trog.
  1779 | D:3      | Noticed an ogre
  1788 | D:3      | Mangled by an ogre

Illustrated notes

Levels and vault maps discovered:
D:1:      dpeg_arrival_chambers_temple_mockup, layout_basic,
          minmay_splitting_lines, minmay_heptomino_o4
D:2:      cheibrodos_helix_gallery, layout_basic, basic_altar
D:3:      layout_rooms, minmay_misc_feat_room

Skill      XL: |  1  2  3  4 |
---------------+-------------+-----
Stealth        | 1 |  1.3
Fighting       | 3 |  3.4
Maces & Flails | 1 2 |  2.2
Armour         | 1 |  1.4
Dodging        | 3 |  3.0
Ranged Weapons | |  4.6

Action                   |  1- 3 |  4- 6 || total
-------------------------+-------+-------++-------
Melee: Whip              |    80 |    29 ||   109
       Headbutt          |    13 |     4 ||    17
 Fire: Shortbow          |    12 |       ||    12
Throw: Boomerang         |       |     4 ||     4
Armor: Leather armour    |     4 |       ||     4
       Plate armour      |    54 |    13 ||    67
Dodge: Dodged            |    26 |     4 ||    30
Block: Kite shield       |       |     5 ||     5

Table legend: (Time is in decaauts)
 A = Elapsed time spent in this place.
 B = Non-inter-level travel time spent in this place.
 C = Inter-level travel time spent in this place.
 D = Time resting spent in this place.
 E = Time spent auto-exploring this place.
 F = Levels seen in this place.
 G = Mean time per level.
                   A        B        C        D        E       F      G
               +--------+--------+--------+--------+--------+-----+--------+
         Total |   1801 |   1740 |     61 |      0 |   1391 |   3 |  600.3 |
       Dungeon |   1801 |   1740 |     61 |      0 |   1391 |   3 |  600.3 |
               +--------+--------+--------+--------+--------+-----+--------+

Top non-repeatable levels by time:
     D:1: 924 daAuts
     D:2: 723 daAuts
     D:3: 153 daAuts
